 Dungeon Crawl Stone Soup version 0.26-a0-844-g3dd439832f (webtiles) character file.

Game seed: 16680592386934081306

2 pablito the Grasshopper (level 1, 0/17 HPs)
             Began as a Barachi Warper on Nov 18, 2020.
             Slain by a hobgoblin
             ... wielding a +0 club
              (2 damage)
             ... on level 1 of the Dungeon.
             The game lasted 00:01:22 (45 turns).

pablito the Grasshopper (Barachi Warper)              Turns: 45, Time: 00:01:22

Health: 0/17       AC:  3    Str: 12    XL:     1   Next: 40%
Magic:  3/3        EV: 12    Int: 13    God:
Gold:   5          SH:  0    Dex: 11    Spells: 4/4 levels left

rFire    . . .     SeeInvis .   a - +0 falchion
rCold    . . .     Faith    .   (no shield)
rNeg     . . .     Spirit   .   b - +0 leather armour
rPois    .         Reflect  .   (no helmet)
rElec    .         Harm     .   (no cloak)
rCorr    .         Rampage  .   (no gloves)
MR       .....                  (no boots)
Stlth    +.........             (no amulet)
HPRegen  0.05/turn              (no ring)
MPRegen  0.08/turn              (no ring)

@: slow
A: +LOS, swims, slowness 1, strong legs 1
a: Hop


You were on level 1 of the Dungeon.
You visited 1 branch of the dungeon, and saw 1 of its levels.

You collected 5 gold pieces.

Inventory:

Hand Weapons
 a - a +0 falchion (weapon)
Missiles
 e - 5 boomerangs of dispersal (quivered)
Armour
 b - a +0 leather armour (worn)
Scrolls
 d - a scroll of blinking
Potions
 c - a potion of attraction {unknown}


   Skills:
 + Level 2.4 Fighting
 * Level 2.5 Long Blades
 - Level 1.0 Throwing
 - Level 1.2 Armour
 + Level 2.2 Dodging
 + Level 2.2 Spellcasting
 + Level 3.3 Translocations


You had 4 spell levels left.
You didn't know any spells.
Your spell library contained the following spells:

 Spells                   Type           Power        Failure   Level
 Blink                    Tloc           N/A          12%         2
 Gell's Gravitas          Tloc           ##........   24%         3
 Lesser Beckoning         Tloc           ##........   24%         3
 Teleport Other           Tloc           ##......     24%         3
 Passage of Golubria      Tloc           N/A          63%         4


Dungeon Overview and Level Annotations

Branches:
Dungeon (1/15)

Altars:


Innate Abilities, Weirdness & Mutations

You can be seen from farther away. (+LOS)
You can swim through water.
You cover ground slowly.
You can hop short distances.


Message History

You barely miss the hobgoblin. The hobgoblin hits you with a +0 club.
There is an open door here.
There's a creature in the doorway!
You hit the hobgoblin.
The hobgoblin is severely wounded.
The hobgoblin barely misses you.
You barely miss the hobgoblin.
The hobgoblin is severely wounded.
The hobgoblin hits you with a +0 club.
* * * LOW HITPOINT WARNING * * *
You hit the hobgoblin.
The hobgoblin is almost dead.
The hobgoblin hits you but does no damage.
You barely miss the hobgoblin.
The hobgoblin is almost dead.
The hobgoblin barely misses you.
You hit the hobgoblin.
You kill the hobgoblin!
The hobgoblin hits you with a +0 club.
You die...

#..(.#...#
#....#...#
###......# #.
#)######
#.######g#######
#......(lK.....#
#..#####l#####.#
#..#PPP#g#PPP#.#
#..#P⌠P#@#P⌠P#.#
#..#PPP#.#PPP#.#
#..#####.#####(..
#..+....<....+..#
#..#####.#####.##
#..#PPP#)#PPP#.#
#..#P⌠P#.#P⌠P#.#
#..#PPP#.#PPP#.#
...#####+#####.#


You could see 2 hobgoblins, a kobold and 2 frilled lizards.

Vanquished Creatures
  A goblin (D:1)
  A hobgoblin (D:1)
2 creatures vanquished.

Notes
Turn   | Place    | Note
-------+----------+-------------------------------------------
     0 | D:1      | pablito the Barachi Warper began the quest for the Orb.
     0 | D:1      | Reached XP level 1. HP: 17/17 MP: 3/3
    45 | D:1      | Slain by a hobgoblin

Illustrated notes

Levels and vault maps discovered:
D:1:      beargit_arrival_greenhouse, layout_basic

Action                   || total
-------------------------++-------
Melee: Falchion          ||    15
Armor: Leather armour    ||     2
Dodge: Dodged            ||     8
       Rpst.: Falchion   ||     2

Table legend: (Time is in decaauts)
 A = Elapsed time spent in this place.
 B = Non-inter-level travel time spent in this place.
 C = Inter-level travel time spent in this place.
 D = Time resting spent in this place.
 E = Time spent auto-exploring this place.
 F = Levels seen in this place.
 G = Mean time per level.
                   A        B        C        D        E       F      G
               +--------+--------+--------+--------+--------+-----+--------+
         Total |     52 |     52 |      0 |      0 |     16 |   1 |   52.0 |
       Dungeon |     52 |     52 |      0 |      0 |     16 |   1 |   52.0 |
               +--------+--------+--------+--------+--------+-----+--------+

Top non-repeatable levels by time:
     D:1: 52 daAuts
